 Dungeon Crawl Stone Soup version 0.28.0-43-g3370ac3207 (webtiles) character file.

Game seed: 17280334100509230753

195 issech the Cudgeller (level 5, -4/53 HPs)
             Began as a Troll Monk on Mar 16, 2022.
             Splashed by a jelly's acid (7 damage)
             ... in a sewer.
             The game lasted 00:07:32 (2061 turns).

issech the Cudgeller (Troll Monk)                   Turns: 2061, Time: 00:07:32

Health: -4/53      AC: -8    Str: 19    XL:     5   Next: 45%
Magic:  4/4        EV: 10    Int:  6    God:
Gold:   67         SH:  0    Dex: 14    Spells: 4/4 levels left

rFire   . . .      SeeInvis +   f - +3 mace
rCold   . . .      Faith    .   (no shield)
rNeg    . . .      Spirit   .   b - +0 robe
rPois   .          Reflect  .   (helmet restricted)
rElec   .          Harm     .   (no cloak)
rCorr   .          Rampage  .   (gloves unavailable)
Will    .....                   (boots unavailable)
Stlth   ++........              (no amulet)
HPRegen 0.97/turn               l - ring of see invisible
MPRegen 0.09/turn               (no ring)

@: corroded
A: large, unfitting armour, claws 3, regeneration 1, shaggy fur 1, tough skin 1
a: no special abilities


You were in a sewer.
You visited 1 branch of the dungeon, and saw 3 of its levels.
You also visited: Sewer.

You collected 67 gold pieces.

Inventory:

Hand Weapons
 f - a +3 mace (weapon)
 n - a +0 dire flail
Missiles
 c - 94 stones (quivered)
 d - 24 sling bullets
Armour
 b - a +0 robe (worn)
Jewellery
 l - a ring of see invisible (left claw)
Scrolls
 a - a scroll of torment {unknown}
 g - a scroll of identify {unknown}
 k - a scroll of immolation {unknown}
 m - a scroll of vulnerability {unknown}
 o - a scroll of teleportation {unknown}
Potions
 e - a potion of degeneration {unknown}
 h - 3 potions of curing {unknown}
 i - a potion of invisibility {unknown}
 j - 2 potions of flight {unknown}
 p - a potion of haste {unknown}


   Skills:
 + Level 3.1 Fighting
 + Level 4.3 Maces & Flails
 + Level 3.2 Dodging
 + Level 1.3 Stealth


You had 4 spell levels left.
You didn't know any spells.
Your spell library was empty.

Dungeon Overview and Level Annotations

Branches:
Dungeon (3/15)              Sewer (1/1)

Altars:


Innate Abilities, Weirdness & Mutations

You are too large for most types of armour.
You have claws for hands.
Your natural rate of healing is unusually fast.
You are covered in fur. (AC +1)
You have tough skin. (AC +1)


Message History

You enter the shallow water.
Moving in this stuff is going to be slow.
You feel sick. The adder bites you.
You hit the adder.
You kill the adder!
You feel sick. The jelly barely misses you.
The river rat twitches its whiskers.
The river rat closely misses you. The jelly hits you but does no damage.
You feel sick.
You enter the shallow water.
Moving in this stuff is going to be slow.
You feel sick.
You are no longer poisoned.
The river rat bites you.
The river rat bites you but does no damage.
You closely miss the river rat.
The river rat bites you but does no damage.
The jelly barely misses you.
You sock the jelly! The acid corrodes you!
Your claws burn!
The jelly is heavily wounded.
The jelly hits you. The acid corrodes you!
You are splashed with acid!
The river rat closely misses you.
You hit the jelly but do no damage.
Your claws burn!
The jelly is heavily wounded.
The jelly barely misses you. The river rat barely misses you.
The jelly hits you.
You are splashed with acid.
You enter the shallow water.
Moving in this stuff is going to be slow.
The jelly hits you. The acid corrodes you!
You are splashed with acid!
* * * LOW HITPOINT WARNING * * *
The river rat bites you.
* * * LOW HITPOINT WARNING * * *
You enter the shallow water.
Moving in this stuff is going to be slow.
The river rat bites you!
* * * LOW HITPOINT WARNING * * *
You barely miss the river rat. The jelly hits you.
* * * LOW HITPOINT WARNING * * *
You are splashed with acid!
You die...

#r≈# ##.≈≈ #..###########
####.≈ #.....≈..≈...#
##..##.
#≈..≈..≈≈≈...###...##≈
###########≈.##≈≈.##≈.
####### #≈≈##..##.≈.
#≈≈≈≈≈# #≈≈##≈≈≈.≈÷#
#≈≈∩≈≈#########.≈###.≈≈.≈#
#≈≈≈.....@r..≈...# ####≈.#
#≈..≈≈≈...J.≈....# #...
#≈≈∩.≈############ #≈.≈
#≈≈≈≈≈# ##.J ####### ##≈
#≈ #≈ ## #


You could see a jelly and a river rat.

Vanquished Creatures
  2 jellies (Sewer)
  2 adders (Sewer)
  7 river rats
  A dart slug (D:2)
  5 ball pythons
  10 endoplasms
  6 giant cockroaches
  2 goblins (D:1)
  2 hobgoblins
  4 jackals (D:1)
  4 bats
  2 frilled lizards
  6 rats
53 creatures vanquished.

Vanquished Creatures (others)
  6 plants (D:1)
6 creatures vanquished.

Grand Total: 59 creatures vanquished

Notes
Turn   | Place    | Note
-------+----------+-------------------------------------------
     0 | D:1      | issech the Troll Monk began the quest for the Orb.
     0 | D:1      | Reached XP level 1. HP: 22/22 MP: 0/0
    38 | D:1      | You fall into a shaft and drop 1 floor!
   289 | D:1      | Reached XP level 2. HP: 29/29 MP: 1/1
   345 | D:1      | Reached skill level 3 in Maces & Flails
   375 | D:1      | Found a faded altar of an unknown god.
  1190 | D:1      | Reached XP level 3. HP: 33/36 MP: 2/2
  1557 | D:3      | Found a glowing drain.
  1638 | Sewer    | Entered a sewer
  1657 | Sewer    | Reached XP level 4. HP: 28/44 MP: 3/3
  1812 | Sewer    | Reached skill level 4 in Maces & Flails
  1812 | Sewer    | Reached XP level 5. HP: 15/53 MP: 4/4
  1986 | Sewer    | Identified the +1 leather armour of the Nexus {-Tele Str+7}
  2061 | Sewer    | Splashed by a jelly's acid

Illustrated notes

Levels and vault maps discovered:
D:1:      roderic_crop_circles_arrival_small, layout_basic,
          hellmonk_ecumenical_altar_leap_of_faith, serial_glass,
          glass_columns_a, glass_columns_a, glass_columns_a, glass_columns_a,
          glass_columns_a, glass_columns_c, item_on_display_a,
          due_unseen_surprise, item_on_display_a
D:2:      layout_basic
D:3:      layout_loops_corners, portal_sewer_entry_a
Sewer:    sewer_hellmonk_slimy_pipes

Skill      XL: |  1  2  3  4 |
---------------+-------------+-----
Maces & Flails | 3 4 |  4.3
Dodging        | 3 |  3.2
Fighting       | 3 |  3.1
Stealth        | |  1.3

Action                   |  1- 3 |  4- 6 || total
-------------------------+-------+-------++-------
Melee: Mace              |   134 |    68 ||   202
       Punch             |     1 |       ||     1
 Stab: Sleeping          |     3 |       ||     3
Armor: Robe              |    56 |    24 ||    80
Dodge: Dodged            |    87 |    54 ||   141
